 Dungeon Crawl Stone Soup version 0.15-a0-1119-g9b3a599 (webtiles) character file.

88 Deemzul the Insei (level 4, -2/31 HPs)
             Began as an Octopode Monk on May 29, 2014.
             Killed from afar by Sigmund (12 damage)
             ... with a puff of flame
             ... on Level 2 of the Dungeon.
             The game lasted 00:02:35 (1459 turns).

Deemzul the Insei (Octopode Monk)                   Turns: 1459, Time: 00:02:35

HP  -2/31        AC  1     Str 10      XL: 4   Next: 53%
MP   4/4         EV 13     Int 12      God:
Gold 105         SH  0     Dex 15      Spells:  0 memorised,  3 levels left

rFire  . . .     SeeInvis .       - Unarmed
rCold  . . .     Clarity  .     (no shield)
rNeg   . . .     rCorr    .     (helmet restricted)
rPois  .         rRot     .     (no amulet)
rElec  .         Spirit   .     e - ring of protection from magic
SustAb .         Warding  .     h - ring of wizardry
rMut   .         Stasis   .     (no ring)
Gourm  .                        (no ring)
MR     +....                    (no ring)
                                (no ring)
                                (no ring)
                                (no ring)

@: somewhat resistant to hostile enchantments, quite stealthy
A: almost no armour, amphibious, 8 rings, constrict 8, camouflage 1, gelatinous
body 1
a: no special abilities


You were on level 2 of the Dungeon.
You were hungry.

You visited 1 branch of the dungeon, and saw 2 of its levels.

You collected 105 gold pieces.

Inventory:

Comestibles
 b - 2 bread rations
 d - a meat ration
 f - a beef jerky
Scrolls
 a - 2 scrolls of random uselessness {unknown}
 c - a scroll of magic mapping {unknown}
 g - 3 scrolls of identify {unknown}
Jewellery
 e - a ring of protection from magic (left tentacle)
 h - a ring of wizardry (right tentacle)
Potions
 i - 2 potions of curing


   Skills:
 - Level 3.0 Fighting
 - Level 3.0 Dodging
 * Level 4.9 Stealth
 * Level 5.0 Unarmed Combat


You had 3 spell levels left.
You didn't know any spells.

Dungeon Overview and Level Annotations

Branches:
Dungeon (2/15)

Altars:

Annotations:
D:2 Sigmund


Innate Abilities, Weirdness & Mutations

You cannot wear most types of armour.
You are amphibious.
You can wear up to eight rings at the same time.
You can use your tentacles to constrict many enemies at once.
Your skin changes colour to match your surroundings (Stealth).
Your rubbery body absorbs attacks (AC +1).


Message History

You hear a splashing noise.
You tentacle-slap something. You barely miss something.
You hear a splashing noise.
You miss something. You squeeze something. You miss something.
Something barely misses you.
You closely miss something.
You hear some strange, mumbled words.
The puff of flame misses you.
You closely miss something.
You are engulfed in a cloud of scalding steam.
You hear some strange, mumbled words.
The puff of flame hits you!
* * * LOW HITPOINT WARNING * * *
Drink which item? (? for menu, Esc to quit)
You feel better.
You are engulfed in a cloud of scalding steam.
You hear some strange, mumbled words.
The puff of flame hits you!
You die...

....#..#.#.# ######..............
.............................###.
.##.#..#.#+#################..##.
.#.....#...........# ##.##.
...................# #.##.
.[#.##.##..........## #.##.
..#.................# #.##.
@.#............≈≈≈..### #..#.
#.#.###........{@§....# ##S#.
#.#.# .........≈≈....# S #.#.#
.......≈≈≈....# .# ..#.#
..###...8....(# . .##.#
######........# .)#.#
#.............#
#.#.#####.............#
..................#####
#.................#


There were no monsters in sight!

Vanquished Creatures
  Terence (D:2)
  A giant mite (D:1)
  4 adders (D:2)
  2 giant geckos
  An ooze (D:2)
  6 bats
  4 giant cockroaches
  4 goblins
  2 hobgoblins
  A giant newt (D:1)
  5 kobolds
  5 rats
36 creatures vanquished.

Notes
Turn   | Place    | Note
--------------------------------------------------------------
     0 | D:1      | Deemzul, the Octopode Monk, began the quest for the Orb.
     0 | D:1      | Reached XP level 1. HP: 16/16 MP: 1/1
   113 | D:1      | Reached XP level 2. HP: 6/21 MP: 2/2
   761 | D:1      | Reached XP level 3. HP: 19/26 MP: 3/3
  1044 | D:2      | Noticed Terence
  1216 | D:2      | Reached XP level 4. HP: 21/31 MP: 4/4
  1251 | D:2      | Noticed Sigmund
  1321 | D:2      | Killed Terence
  1394 | D:2      | Reached skill level 5 in Unarmed Combat
  1459 | D:2      | Killed from afar by Sigmund

Action                   |  1- 3 |  4- 6 || total
-------------------------+-------+-------++-------
Melee: Unarmed           |    62 |    18 ||    80
  Use: Scroll            |     3 |       ||     3
       Potion            |     1 |     2 ||     3
 Stab: Sleeping          |     9 |       ||     9
